 Dungeon Crawl Stone Soup version 0.27.1-34-g3ba077fa99 (webtiles) character file.

Game seed: 18237511824234823693

306 safid the Chopper (level 6, 0/51 (52) HPs)
             Began as a Hill Orc Fighter on Jan 11, 2022.
             Was an Initiate of Beogh.
             Slain by an orc priest (1 damage)
             ... on level 3 of the Dungeon.
             The game lasted 00:04:50 (3422 turns).

safid the Chopper (Hill Orc Fighter)                Turns: 3422, Time: 00:04:51

HP:   0/51 (52)     AC:  8    Str: 21    XL:     6   Next: 39%
MP:   6/6           EV:  7    Int:  8    God:    Beogh [......]
Gold: 49            SH: 12    Dex: 10    Spells: 5/5 levels left

rFire    . . .     SeeInvis .   a - +0 war axe
rCold    . . .     Faith    .   e - +2 kite shield
rNeg     . . .     Spirit   .   b - +0 scale mail
rPois    .         Reflect  .   (no helmet)
rElec    .         Harm     .   (no cloak)
rCorr    .         Rampage  .   f - +0 pair of gloves
Will     .....                  (no boots)
Stlth    ..........             (no amulet)
HPRegen  0.17/turn              (no ring)
MPRegen  0.10/turn              (no ring)

@: lightly drained
A: no striking features
a: Renounce Religion


You were on level 3 of the Dungeon.
You worshipped Beogh.
Beogh was noncommittal.
You visited 1 branch of the dungeon, and saw 4 of its levels.

You collected 49 gold pieces.

Inventory:

Hand Weapons
 a - a +0 war axe (weapon)
Missiles
 k - 10 poisoned darts (quivered)
Armour
 b - a +0 scale mail (worn)
 e - a +2 kite shield (worn)
 f - a +0 pair of gloves (worn)
Wands
 o - a wand of polymorph (4)
Scrolls
 c - 2 scrolls of enchant armour {unknown}
 h - 2 scrolls of acquirement {unknown}
 i - a scroll of fog {unknown}
 j - a scroll of enchant weapon {unknown}
 m - a scroll of blinking {unknown}
Potions
 d - 2 potions of might
 g - a potion of mutation {unknown}
 l - 2 potions of heal wounds {unknown}
 n - a potion of flight {unknown}


   Skills:
 - Level 4.0 Fighting
 + Level 5.9 Axes
 - Level 4.0 Armour
 + Level 5.5 Shields


You had 5 spell levels left.
You didn't know any spells.
Your spell library contained the following spells:

 Spells                   Type           Power      Damage    Failure   Level
 Slow                     Hex            0%         N/A       99%         2
 Confusing Touch          Hex            0%         N/A       100%        3
 Vampiric Draining        Necr           0%         2d6       100%        3


Dungeon Overview and Level Annotations

Branches:
Dungeon (4/15)
 Temple: D:4-7

Altars:
Ru
Vehumet


Message History

You hit the orc.
You kill the orc!
Beogh accepts your kill.
The gnoll hits you from afar with a +0 halberd.
You block the gnoll's attack. The orc hits you but does no damage.
The orc priest hits you but does no damage.
The gnoll completely misses you.
You climb upwards.
There is a stone staircase leading down, spattered with blood here.
You slash the orc!
You kill the orc!
Beogh accepts your kill.
You closely miss the orc priest. You block the orc priest's attack.
Unknown command.
You hit the orc priest.
The orc priest is moderately wounded.
The orc priest invokes the aid of Beogh against you.
Beogh smites you!
* * * LOW HITPOINT WARNING * * *
You block the orc priest's attack.
Unknown command.
You hit the orc priest but do no damage.
The orc priest is moderately wounded.
The orc priest invokes the aid of Beogh against you.
Beogh smites you!
* * * LOW HITPOINT WARNING * * *
Unknown command.
You closely miss the orc priest.
The orc priest is moderately wounded.
The orc priest hits you but does no damage.
The orc priest barely misses you.
You closely miss the orc priest.
The orc priest is moderately wounded.
The orc priest begins to cast a cantrip, but forgets the words!
You hit the orc priest.
The orc priest is severely wounded.
The orc priest hits you with a +2 flail of protection.
You die...
Beogh appreciates the orc priest's killing of a heretic priest.

#.....#.#.#.#..............#
#....P#.#.#.#..............#
#.P...#.#..................#
##...##.#.#.#..............#
##.###.###.#..............#
#_# #.....#..............#
##P#########..............#
##PP.##...).................
#PP.PP#####@o...############


#PPPPP# #))............... #PPPPP#####.....###########.
#PP.PP#.............##...... ###'###.###.....###.##......
#....<###.........##...... ##.....######.....#######. #.....# #.............
###...# #....######### You could see an orc priest.

Vanquished Creatures
  A hound (D:3)
  Natasha (thrice) (D:3)
  Terence (D:3)
  An orc wizard (D:3)
  2 gnolls (D:3)
  3 adders (D:2)
  2 worms (D:3)
  2 dart slugs
  8 orcs
  3 ball pythons
  5 bats
  5 endoplasms
  5 giant cockroaches
  11 goblins
  7 hobgoblins
  12 jackals
  3 quokkas
  4 frilled lizards
  4 kobolds
  8 rats
90 creatures vanquished.

Notes
Turn   | Place    | Note
-------+----------+-------------------------------------------
     0 | D:1      | safid the Hill Orc Fighter began the quest for the Orb.
     0 | D:1      | Reached XP level 1. HP: 19/19 MP: 1/1
    22 | D:1      | Reached XP level 2. HP: 9/27 MP: 2/2
    28 | D:1      | HP: 1/27 [frozen (4)]
   523 | D:1      | Reached XP level 3. HP: 33/33 MP: 3/3
  1246 | D:2      | Reached XP level 4. HP: 29/40 MP: 4/4
  2008 | D:3      | Found a radiant altar of Vehumet.
  2260 | D:3      | Noticed Natasha
  2277 | D:3      | Reached XP level 5. HP: 23/46 MP: 5/5
  2279 | D:3      | Killed Natasha
  2391 | D:3      | Noticed Natasha
  2397 | D:3      | Killed Natasha
  2398 | D:3      | Reached skill level 5 in Axes
  2498 | D:3      | Noticed Terence
  2505 | D:3      | Killed Terence
  2506 | D:3      | Reached skill level 5 in Shields
  2561 | D:3      | Found a sacrificial altar of Ru.
  2591 | D:3      | Found a faded altar of an unknown god.
  2653 | D:3      | Became a worshipper of Beogh the Brigand
  2843 | D:3      | Noticed Natasha
  2851 | D:3      | Killed Natasha
  2852 | D:3      | Reached XP level 6. HP: 32/52 MP: 6/6
  3419 | D:3      | HP: 1/51 [orc priest/divine providence (14)]
  3422 | D:3      | Slain by an orc priest

Illustrated notes

Levels and vault maps discovered:
D:1:      amcnicky_arrival_flooded_fountain, layout_basic, st_stairs_14,
          minmay_pentomino_z2
D:2:      layout_loops_ring
D:3:      layout_basic, vehumet_crystals, overflow_temple_1_default,
          shapermc_ecumenical_altar_flowoftime, uniq_natasha, uniq_terence
D:4:      layout_loops_ring, minmay_misc_feat_plants

Skill      XL: |  1  2  3  4  5 |
---------------+----------------+-----
Axes           | 3 4 5 |  5.9
Fighting       | 4 |  4.0
Armour         | 4 |  4.0
Shields        | 4 5 |  5.5

Action                   |  1- 3 |  4- 6 || total
-------------------------+-------+-------++-------
Melee: War axe           |   105 |   174 ||   279
       Unarmed           |       |     3 ||     3
Invok: Convert to Beogh  |       |     1 ||     1
Armor: Scale mail        |    55 |    76 ||   131
Dodge: Dodged            |    49 |    55 ||   104
Block: Kite shield       |    79 |   122 ||   201
